Kings vs Avalanche
(R2)
Created - 23 décembre 2014 at 19:07
Goals
|
| Kings |
3 |
0 |
0 |
3 |
| Avalanche |
2 |
1 |
2 |
5 |
|
Shots
|
| Kings |
13 |
6 |
8 |
27 |
| Avalanche |
14 |
7 |
15 |
36 |
|
1st period
1. Kings , Anze Kopitar 19 (Joe Pavelski) at 1:27 (PP)
2. Avalanche , Ryan Smyth 18 (Jason Allison, Brian Campbell) at 14:01
3. Kings , Brent Seabrook 4 (Patrick Sharp, Matt Duchene) at 16:13 (PP)
4. Avalanche , Jason Pominville 9 (Max Pacioretty, Mike Comrie) at 18:34
5. Kings , Brent Burns 3 (Pernell Karl Subban, Anze Kopitar) at 19:40 (PP)
Penalties :
Marc Staal (Col) for Slashing (Minor) at 1:23, Shane O'Brien (Col) for Tripping (Minor) at 2:20, Joe Pavelski (LAK) for Hooking (Minor) at 9:43, Max Pacioretty (Col) for Roughing (Minor) at 14:11, Michael Rupp (Col) for Goalie Interference (Minor) at 15:26, Mike Comrie (Col) for Tripping (Minor) at 19:23
2nd period
6. Avalanche , Michael Rupp 10 (Dustin Byfuglien, Corey Perry) at 5:58
Penalties :
Jason Allison (Col) for High sticking (Double Minor) at 8:35, Dustin Byfuglien (Col) for High sticking (Minor) at 15:06, Shane O'Brien (Col) for Interference (Minor) at 17:30
3rd period
7. Avalanche , Corey Perry 21 (Jason Allison, Dave Tanabe) at 1:24 (PP)
8. Avalanche , Andrew Ladd 7 (Unassisted) at 5:07
Penalties :
Patrick Sharp (LAK) for Hooking (Minor) at 0:42, Max Pacioretty (Col) for Tripping (Minor) at 5:21, Jack Johnson (Col) for High sticking (Minor) at 8:59
Goalie Stats
Ondrej Pavelec (LAK), 22 saves from 27 shots - (0,815), L, 11-13-4, 45:07 minutes
Ray Emery (LAK), 9 saves from 9 shots - (1,000), 14:53 minutes
Jimmy Howard (Col), 24 saves from 27 shots - (0,889), W, 18-8-0, 60:00 minutes
Players Stats for Kings
Player Name G A P +/- PIM S H SB GA TA FO MP PP MP PK MP
------------------------------------------------------------------------------------
Anze Kopitar 1 1 2 -1 0 7 2 1 1 2 19/35 23:12 8:35 0:28
Brenden Morrow 0 0 0 -1 0 4 0 1 0 0 0/1 15:49 1:04 0:43
Brent Burns 1 0 1 -1 0 2 3 2 0 0 0/0 27:30 9:50 1:15
Brent Seabrook 1 0 1 -2 0 2 3 1 0 2 0/0 21:51 5:56 1:15
Brian Pothier 0 0 0 0 0 0 1 1 0 0 0/0 11:45 1:02 1:26
Cory Sarich 0 0 0 -1 0 0 0 0 0 0 0/0 2:49 0:31 1:26
Hnat Domenichelli 0 0 0 0 0 1 2 0 0 0 0/0 5:54 0:45 0:00
Joe Pavelski 0 1 1 -1 2 5 2 1 0 1 1/1 23:15 8:27 0:00
John Moore 0 0 0 -2 0 3 1 1 0 0 0/0 13:52 0:00 0:00
Jonas Hoglund 0 0 0 -1 0 1 0 0 1 1 0/0 16:23 0:42 1:58
Jordan Nolan 0 0 0 -2 0 0 0 0 0 0 2/3 10:18 0:21 0:27
Matt Duchene 0 1 1 -1 0 0 2 1 0 0 6/12 19:03 6:49 0:00
Mikkel Boedker 0 0 0 -2 0 1 1 1 1 0 1/3 18:13 8:32 0:00
Patrick Sharp 0 1 1 -1 2 1 2 0 0 0 0/0 19:06 6:47 0:00
Pernell Karl Subban 0 1 1 -1 0 0 3 1 0 1 0/0 26:03 9:50 0:00
Randy Robitaille 0 0 0 0 0 0 0 0 0 2 6/10 6:47 0:00 1:46
Rene Bourque 0 0 0 -2 0 0 3 0 1 0 1/1 19:17 6:49 0:00
Sergei Gonchar 0 0 0 -1 0 0 0 2 0 0 0/0 16:10 5:25 0:00
Players Stats for Avalanche
Player Name G A P +/- PIM S H SB GA TA FO MP PP MP PK MP
------------------------------------------------------------------------------------
Andrew Ladd 1 0 1 0 0 0 2 0 0 0 5/7 14:04 0:00 5:39
Brian Campbell 0 1 1 3 0 0 0 0 1 0 0/0 16:04 0:53 1:51
Bryan Little 0 0 0 1 0 2 2 0 0 0 2/2 10:05 1:07 2:02
Chuck Kobasew 0 0 0 1 0 0 0 0 0 0 0/0 11:04 0:00 4:11
Corey Perry 1 1 2 1 0 5 0 0 1 1 0/1 15:19 1:34 0:00
Dave Tanabe 0 1 1 1 0 4 2 2 0 0 0/0 20:46 1:48 5:49
Drew Doughty 0 0 0 0 0 0 2 0 1 0 0/0 18:58 1:48 3:10
Dustin Byfuglien 0 1 1 1 2 0 1 1 1 0 8/21 16:14 0:00 3:39
Jack Johnson 0 0 0 3 2 0 1 0 1 0 0/0 23:20 0:53 8:20
Jason Allison 0 2 2 1 4 7 4 0 1 0 6/14 19:27 1:34 3:05
Jason Pominville 1 0 1 1 0 3 0 0 1 0 0/1 15:10 1:07 0:00
Marc Staal 0 0 0 0 2 0 0 3 0 1 0/0 23:57 0:00 9:25
Max Pacioretty 0 1 1 1 4 1 0 0 1 0 0/1 17:08 1:07 1:38
Michael Rupp 1 0 1 1 2 6 0 0 0 1 0/0 13:25 0:00 7:52
Mike Comrie 0 1 1 1 2 0 0 0 0 1 9/18 7:32 0:00 2:57
Rostislav Olesz 0 0 0 1 0 1 0 1 1 0 0/1 6:47 0:00 0:10
Ryan Smyth 1 0 1 1 0 3 2 0 0 0 0/0 15:19 1:34 0:00
Shane O'Brien 0 0 0 1 4 4 3 1 0 0 0/0 18:09 0:00 4:35
3 Stars
1 - Corey Perry (Col)
2 - Anze Kopitar (LAK)
3 - Ryan Smyth (Col)
Power Play
Kings - 3 on 12 Attempt(s) - 25,00%
Avalanche - 1 on 2 Attempt(s) - 50,00%
Penalty Kill
Kings - 1 on 2 Attempt(s) - 50,00%
- Score 0 goal in Penalty Kill
Avalanche - 9 on 12 Attempt(s) - 75,00%
- Score 0 goal in Penalty Kill
Official
Referees : Devorski Paul and O'Halloran Dan
Linesman : Andy McElman and Tony Sericolo
Game Notes
Mike Comrie is injured at 0:15 of 2nd period (Bruised Left Foot)
5:07 of 3rd period - Penalty Shot by Andrew Ladd for Avalanche - Goal!
Ray Emery enters game at 5:07 of 3rd period
16:57 of 3rd period - Kings goal is going for a video replay. After video review, No Goal. The puck has been directed, batted or thrown into the net by an attacking player other than with a stick.
Finance
Level 1 -- Attendance: 6000 (100,00%) -- Ticket Income 504 000 $
Level 2 -- Attendance: 5000 (100,00%) -- Ticket Income 250 000 $
Level 3 -- Attendance: 1980 (99,00%) -- Ticket Income 55 440 $
Level 4 -- Attendance: 4000 (100,00%) -- Ticket Income 72 000 $
Luxury Box -- Attendance: 1000 (100,00%) -- Ticket Income 167 000 $
Game was played at the Pepsi Center
Total Attendance: 17980 (99,89%)
Total Ticket Income: 1 048 440 $
Other Income: 157 266 $
Total Income: 1 205 706 $
Kings
5 vs 5 Forward
Center Left Wing Right Wing Time % Phy DF OF
1 Anze Kopitar Brenden Morrow Joe Pavelski 40 1 1 3
2 Matt Duchene Patrick Sharp Jonas Hoglund 30 1 1 3
3 Jordan Nolan Mikkel Boedker Rene Bourque 25 1 2 2
4 Randy Robitaille Hnat Domenichelli Rene Bourque 5 1 4 0
5 vs 5 Defense
Defense Defense Time % Phy DF OF
1 Pernell Karl Subban Brent Burns 40 1 2 2
2 John Moore Brent Seabrook 35 1 2 2
3 Brian Pothier Sergei Gonchar 20 2 2 1
4 Cory Sarich Sergei Gonchar 5 2 2 1
PowerPlay Forward
Center Left Wing Right Wing Time % Phy DF OF
1 Anze Kopitar Mikkel Boedker Joe Pavelski 60 0 1 4
2 Matt Duchene Patrick Sharp Rene Bourque 40 0 1 4
PowerPlay Defense
Defense Defense Time % Phy DF OF
1 Pernell Karl Subban Brent Burns 60 0 2 3
2 Sergei Gonchar Brent Seabrook 40 0 2 3
Penalty Kill 4 Players Forward
Center Wing Time % Phy DF OF
1 Randy Robitaille Jonas Hoglund 60 0 4 1
2 Jordan Nolan Brenden Morrow 40 0 4 1
Penalty Kill 4 Players Defense
Defense Defense Time % Phy DF OF
1 Brian Pothier Cory Sarich 60 1 4 0
2 Brent Burns Brent Seabrook 40 1 4 0
Penalty Kill - 3 Players Forward
Forward Time % Phy DF OF
1 Randy Robitaille 60 0 4 1
2 Anze Kopitar 40 0 4 1
Penalty Kill - 3 Players Defense
Defense Defense Time % Phy DF OF
1 Brian Pothier Cory Sarich 60 1 4 0
2 Brent Burns Brent Seabrook 40 1 4 0
4 vs 4 Forward
Center Wing Time % Phy DF OF
1 Anze Kopitar Joe Pavelski 60 1 2 2
2 Matt Duchene Patrick Sharp 40 1 2 2
4 vs 4 Defense
Defense Defense Time % Phy DF OF
1 Sergei Gonchar Brent Seabrook 60 1 2 2
2 Pernell Karl Subban Brent Burns 40 1 2 2
Last Minutes Offensive
Center Left Wing Right Wing Defense Defense
Anze Kopitar Patrick Sharp Joe Pavelski Brent Seabrook Brent Burns
Last Minutes Defensive
Center Left Wing Right Wing Defense Defense
Anze Kopitar Patrick Sharp Jonas Hoglund Brent Seabrook Brent Burns
Goaltenders
Starting : Ondrej Pavelec
Backup : Ray Emery
Extra Forwards
Normal : Anze Kopitar, Patrick Sharp, Joe Pavelski - PP : Brenden Morrow, Hnat Domenichelli - PK : Anze Kopitar
Extra Defensemen
Normal : Pernell Karl Subban, Brent Burns, Brent Seabrook - PP : Sergei Gonchar - PK : John Moore, Cory Sarich
Penalty Shots
Anze Kopitar, Joe Pavelski, Mikkel Boedker, Patrick Sharp, Rene Bourque
Avalanche
5 vs 5 Forward
Center Left Wing Right Wing Time % Phy DF OF
1 Jason Allison Ryan Smyth Corey Perry 35 1 2 2
2 Mike Comrie Max Pacioretty Jason Pominville 35 1 2 2
3 Bryan Little Andrew Ladd Chuck Kobasew 15 1 2 2
4 Dustin Byfuglien Michael Rupp Rostislav Olesz 15 1 2 2
5 vs 5 Defense
Defense Defense Time % Phy DF OF
1 Jack Johnson Brian Campbell 35 1 2 2
2 Marc Staal Drew Doughty 35 1 2 2
3 Dave Tanabe Shane O'Brien 30 1 2 2
4 Jack Johnson Brian Campbell 0 1 2 2
PowerPlay Forward
Center Left Wing Right Wing Time % Phy DF OF
1 Jason Allison Ryan Smyth Corey Perry 60 1 2 2
2 Bryan Little Max Pacioretty Jason Pominville 40 1 2 2
PowerPlay Defense
Defense Defense Time % Phy DF OF
1 Drew Doughty Dave Tanabe 60 1 2 2
2 Brian Campbell Jack Johnson 40 1 2 2
Penalty Kill 4 Players Forward
Center Wing Time % Phy DF OF
1 Mike Comrie Michael Rupp 60 1 2 2
2 Dustin Byfuglien Chuck Kobasew 40 1 2 2
Penalty Kill 4 Players Defense
Defense Defense Time % Phy DF OF
1 Jack Johnson Marc Staal 60 1 2 2
2 Dave Tanabe Shane O'Brien 40 1 2 2
Penalty Kill - 3 Players Forward
Forward Time % Phy DF OF
1 Mike Comrie 60 1 2 2
2 Dustin Byfuglien 40 1 2 2
Penalty Kill - 3 Players Defense
Defense Defense Time % Phy DF OF
1 Jack Johnson Marc Staal 60 1 2 2
2 Dave Tanabe Shane O'Brien 40 1 2 2
4 vs 4 Forward
Center Wing Time % Phy DF OF
1 Corey Perry Jason Allison 60 1 2 2
2 Ryan Smyth Mike Comrie 40 1 2 2
4 vs 4 Defense
Defense Defense Time % Phy DF OF
1 Jack Johnson Marc Staal 60 1 2 2
2 Dave Tanabe Drew Doughty 40 1 2 2
Last Minutes Offensive
Center Left Wing Right Wing Defense Defense
Jason Allison Ryan Smyth Corey Perry Drew Doughty Dave Tanabe
Last Minutes Defensive
Center Left Wing Right Wing Defense Defense
Mike Comrie Michael Rupp Chuck Kobasew Jack Johnson Marc Staal
Goaltenders
Starting : Jimmy Howard
Backup : Marty Turco
Extra Forwards
Normal : Dustin Byfuglien, Rostislav Olesz, Andrew Ladd - PP : Dustin Byfuglien, Rostislav Olesz - PK : Andrew Ladd
Extra Defensemen
Normal : Dave Tanabe, Shane O'Brien, Drew Doughty - PP : Dave Tanabe - PK : Shane O'Brien, Drew Doughty
Penalty Shots
Corey Perry, Ryan Smyth, Bryan Little, Mike Comrie, Dave Tanabe
% Time on Ice - Kings
Lines # - Real PCT - Wanted PCT - Time Play
Normal Forward
1 - 35% - 40% - 14:11
2 - 30% - 30% - 12:20
3 - 23% - 25% - 9:30
4 - 12% - 5% - 5:01
Normal Defense
1 - 39% - 40% - 16:06
2 - 36% - 35% - 14:47
3 - 23% - 20% - 9:17
4 - 2% - 5% - 0:52
PP Forward
1 - 57% - 60% - 9:13
2 - 43% - 40% - 7:04
PP Defense
1 - 64% - 60% - 10:21
2 - 36% - 40% - 5:56
PK Forward
1 - 83% - 60% - 2:14
2 - 17% - 40% - 0:27
PK Defense
1 - 53% - 60% - 1:26
2 - 47% - 40% - 1:15
PK3 Forward
1 - 0% - 60%
2 - 0% - 40%
PK3 Defense
1 - 0% - 60%
2 - 0% - 40%
44 Forward
1 - 0% - 60%
2 - 0% - 40%
44 Defense
1 - 0% - 60%
2 - 0% - 40%
Last Minute Offensive - 0:00
Last Minute Defensive - 0:00
Total
Forward - 60:00
Defense - 60:00
|
% Time on Ice - Avalanche
Lines # - Real PCT - Wanted PCT - Time Play
Normal Forward
1 - 36% - 35% - 14:49
2 - 34% - 35% - 14:03
3 - 17% - 15% - 6:53
4 - 13% - 15% - 5:17
Normal Defense
1 - 36% - 35% - 14:55
2 - 34% - 35% - 14:04
3 - 29% - 30% - 12:03
4 - 0% - 0% - 0:00
PP Forward
1 - 58% - 60% - 1:34
2 - 42% - 40% - 1:07
PP Defense
1 - 67% - 60% - 1:48
2 - 33% - 40% - 0:53
PK Forward
1 - 73% - 60% - 11:22
2 - 27% - 40% - 4:11
PK Defense
1 - 66% - 60% - 10:18
2 - 34% - 40% - 5:15
PK3 Forward
1 - 100% - 60% - 0:44
2 - 0% - 40% - 0:00
PK3 Defense
1 - 100% - 60% - 0:44
2 - 0% - 40% - 0:00
44 Forward
1 - 0% - 60%
2 - 0% - 40%
44 Defense
1 - 0% - 60%
2 - 0% - 40%
Last Minute Offensive - 0:00
Last Minute Defensive - 0:00
Total
Forward - 60:00
Defense - 60:00
|
Play by Play
1st period
0:01 of 1st period - Jason Allison wins face-off versus Anze Kopitar in neutral zone.
0:28 of 1st period - Snap shot by Jason Pominville.
0:28 of 1st period - Shot Blocked by Pernell Karl Subban.
0:46 of 1st period - Brian Campbell is hit by Brent Seabrook.
1:21 of 1st period - Wrist shot by Rene Bourque.
1:21 of 1st period - Shot Blocked by Dustin Byfuglien.
1:23 of 1st period - Minor Penalty to Marc Staal for Slashing.
1:24 of 1st period - Anze Kopitar wins face-off versus Mike Comrie in Avalanche zone.
1:27 of 1st period - Snap shot by Anze Kopitar.
1:27 of 1st period - Goal by Anze Kopitar - Kings : 1 - Avalanche : 0.
1:28 of 1st period - Anze Kopitar wins face-off versus Jason Allison in neutral zone.
1:30 of 1st period - Sergei Gonchar is hit by Dave Tanabe and loses puck.
1:44 of 1st period - Slapshot by Anze Kopitar.
1:44 of 1st period - Shot Blocked by Dave Tanabe.
1:59 of 1st period - Slapshot by Anze Kopitar.
1:59 of 1st period - Shot Misses the Net.
2:18 of 1st period - Wrist shot by Anze Kopitar.
2:18 of 1st period - Shot Blocked by Dave Tanabe.
2:20 of 1st period - Minor Penalty to Shane O'Brien for Tripping.
2:21 of 1st period - Mike Comrie wins face-off versus Matt Duchene in Avalanche zone.
2:30 of 1st period - Mike Comrie is hit by Pernell Karl Subban and loses puck.
3:24 of 1st period - Icing by Brent Seabrook.
3:25 of 1st period - Matt Duchene wins face-off versus Mike Comrie in Kings zone.
4:20 of 1st period - Penalty to Shane O'Brien is over, Shane O'Brien is back on ice.
6:19 of 1st period - Sergei Gonchar is hit by Andrew Ladd and loses puck.
6:32 of 1st period - Snap shot by Jason Allison.
6:32 of 1st period - Stopped by Ondrej Pavelec with a rebound.
7:09 of 1st period - Snap shot by Michael Rupp.
7:09 of 1st period - Stopped by Ondrej Pavelec without a rebound.
7:10 of 1st period - Mikkel Boedker wins face-off versus Dustin Byfuglien in Kings zone.
7:57 of 1st period - Snap shot by Anze Kopitar.
7:57 of 1st period - Stopped by Jimmy Howard without a rebound.
7:58 of 1st period - Mike Comrie wins face-off versus Anze Kopitar in Avalanche zone.
7:58 of 1st period - Mike Comrie is hit by Brent Burns.
8:03 of 1st period - Brian Campbell is hit by Brent Burns and loses puck.
8:22 of 1st period - Jack Johnson is hit by Rene Bourque and loses puck.
8:31 of 1st period - Slapshot by Rene Bourque.
8:31 of 1st period - Deflect By Jordan Nolan.
8:31 of 1st period - Shot Misses the Net.
8:31 of 1st period - Puck is out of play.
8:32 of 1st period - Mike Comrie wins face-off versus Matt Duchene in Avalanche zone.
8:37 of 1st period - Snap shot by Jason Pominville.
8:37 of 1st period - Stopped by Ondrej Pavelec without a rebound.
8:38 of 1st period - Matt Duchene wins face-off versus Mike Comrie in Kings zone.
9:05 of 1st period - Snap shot by Corey Perry.
9:05 of 1st period - Shot Misses the Net.
9:07 of 1st period - Slapshot by Dave Tanabe.
9:07 of 1st period - Stopped by Ondrej Pavelec with a rebound.
9:09 of 1st period - Slapshot by Shane O'Brien.
9:09 of 1st period - Stopped by Ondrej Pavelec with a rebound.
9:11 of 1st period - Wrist shot by Jason Allison.
9:11 of 1st period - Shot Blocked by Anze Kopitar.
9:13 of 1st period - Slapshot by Shane O'Brien.
9:13 of 1st period - Deflect By Corey Perry.
9:13 of 1st period - Stopped by Ondrej Pavelec without a rebound.
9:14 of 1st period - Dustin Byfuglien wins face-off versus Matt Duchene in Kings zone.
9:29 of 1st period - Snap shot by Jonas Hoglund.
9:29 of 1st period - Stopped by Jimmy Howard without a rebound.
9:30 of 1st period - Mike Comrie wins face-off versus Brenden Morrow in Avalanche zone.
9:39 of 1st period - Wrist shot by Mike Comrie.
9:39 of 1st period - Shot Misses the Net.
9:41 of 1st period - Slapshot by Marc Staal.
9:41 of 1st period - Shot Blocked by Brent Burns.
9:43 of 1st period - Minor Penalty to Joe Pavelski for Hooking.
9:44 of 1st period - Jason Allison wins face-off versus Randy Robitaille in Kings zone.
9:51 of 1st period - Slapshot by Corey Perry.
9:51 of 1st period - Deflect By Jason Allison.
9:51 of 1st period - Shot Misses the Net.
9:51 of 1st period - Puck is out of play.
9:52 of 1st period - Randy Robitaille wins face-off versus Jason Allison in Kings zone.
9:52 of 1st period - Randy Robitaille is hit by Drew Doughty.
10:02 of 1st period - Jonas Hoglund is hit by Dave Tanabe and loses puck.
11:11 of 1st period - Snap shot by Jason Pominville.
11:11 of 1st period - Deflect By Bryan Little.
11:11 of 1st period - Shot Misses the Net.
11:11 of 1st period - Puck is out of play.
11:12 of 1st period - Bryan Little wins face-off versus Anze Kopitar in Kings zone.
11:43 of 1st period - Penalty to Joe Pavelski is over, Joe Pavelski is back on ice.
12:20 of 1st period - Wrist shot by Corey Perry.
12:20 of 1st period - Stopped by Ondrej Pavelec with a rebound.
12:36 of 1st period - Snap shot by Mike Comrie.
12:36 of 1st period - Shot Blocked by Brian Pothier.
12:38 of 1st period - Wrist shot by Max Pacioretty.
12:38 of 1st period - Stopped by Ondrej Pavelec without a rebound.
12:39 of 1st period - Matt Duchene wins face-off versus Mike Comrie in Kings zone.
13:34 of 1st period - Jason Allison is hit by Brent Seabrook and loses puck.
13:55 of 1st period - Slapshot by Jason Allison.
13:55 of 1st period - Stopped by Ondrej Pavelec with a rebound.
13:57 of 1st period - Wrist shot by Ryan Smyth.
13:57 of 1st period - Shot Blocked by Matt Duchene.
13:59 of 1st period - Snap shot by Jason Allison.
13:59 of 1st period - Stopped by Ondrej Pavelec with a rebound.
14:01 of 1st period - Slapshot by Ryan Smyth.
14:01 of 1st period - Goal by Ryan Smyth - Kings : 1 - Avalanche : 1.
14:02 of 1st period - Mike Comrie wins face-off versus Anze Kopitar in neutral zone.
14:11 of 1st period - Minor Penalty to Max Pacioretty for Roughing.
14:12 of 1st period - Anze Kopitar wins face-off versus Mike Comrie in Avalanche zone.
14:24 of 1st period - Slapshot by Joe Pavelski.
14:24 of 1st period - Stopped by Jimmy Howard with a rebound.
14:26 of 1st period - Snap shot by Joe Pavelski.
14:26 of 1st period - Stopped by Jimmy Howard with a rebound.
14:28 of 1st period - Snap shot by Anze Kopitar.
14:28 of 1st period - Stopped by Jimmy Howard without a rebound.
14:29 of 1st period - Anze Kopitar wins face-off versus Mike Comrie in Avalanche zone.
14:30 of 1st period - Slapshot by Joe Pavelski.
14:30 of 1st period - Stopped by Jimmy Howard without a rebound.
14:31 of 1st period - Anze Kopitar wins face-off versus Mike Comrie in Avalanche zone.
15:26 of 1st period - Minor Penalty to Michael Rupp for Goalie Interference.
15:27 of 1st period - Mike Comrie wins face-off versus Anze Kopitar in Avalanche zone.
15:38 of 1st period - Wrist shot by Mikkel Boedker.
15:38 of 1st period - Deflect By Anze Kopitar.
15:38 of 1st period - Shot Misses the Net.
15:38 of 1st period - Puck is out of play.
15:39 of 1st period - Mike Comrie wins face-off versus Anze Kopitar in Avalanche zone.
15:39 of 1st period - Mike Comrie is hit by Joe Pavelski.
16:11 of 1st period - Penalty to Max Pacioretty is over, Max Pacioretty is back on ice.
16:11 of 1st period - Wrist shot by Patrick Sharp.
16:11 of 1st period - Shot Misses the Net.
16:13 of 1st period - Snap shot by Brent Seabrook.
16:13 of 1st period - Deflect By Marc Staal.
16:13 of 1st period - Goal by Brent Seabrook - Kings : 2 - Avalanche : 1.
16:14 of 1st period - Anze Kopitar wins face-off versus Jason Allison in neutral zone.
16:19 of 1st period - Wrist shot by Joe Pavelski.
16:19 of 1st period - Shot Blocked by Marc Staal.
16:39 of 1st period - Brent Burns is hit by Bryan Little and loses puck.
16:52 of 1st period - Wrist shot by Jonas Hoglund.
16:52 of 1st period - Shot Misses the Net.
17:31 of 1st period - Anze Kopitar is hit by Ryan Smyth and loses puck.
17:44 of 1st period - Slapshot by Brenden Morrow.
17:44 of 1st period - Shot Misses the Net.
17:46 of 1st period - Snap shot by John Moore.
17:46 of 1st period - Stopped by Jimmy Howard with a rebound.
17:48 of 1st period - Slapshot by Brent Seabrook.
17:48 of 1st period - Deflect By Patrick Sharp.
17:48 of 1st period - Stopped by Jimmy Howard with a rebound.
17:50 of 1st period - Slapshot by Matt Duchene.
17:50 of 1st period - Shot Blocked by Rostislav Olesz.
18:28 of 1st period - Wrist shot by Mike Comrie.
18:28 of 1st period - Shot Misses the Net.
18:30 of 1st period - Wrist shot by Max Pacioretty.
18:30 of 1st period - Shot Misses the Net.
18:32 of 1st period - Snap shot by Max Pacioretty.
18:32 of 1st period - Shot Blocked by Mikkel Boedker.
18:34 of 1st period - Slapshot by Jason Pominville.
18:34 of 1st period - Goal by Jason Pominville - Kings : 2 - Avalanche : 2.
18:35 of 1st period - Mike Comrie wins face-off versus Anze Kopitar in neutral zone.
18:46 of 1st period - Slapshot by Drew Doughty.
18:46 of 1st period - Shot Blocked by Brenden Morrow.
19:00 of 1st period - Marc Staal is hit by Pernell Karl Subban and loses puck.
19:06 of 1st period - Off-side.
19:07 of 1st period - Jason Allison wins face-off versus Mikkel Boedker in neutral zone.
19:10 of 1st period - Wrist shot by Ryan Smyth.
19:10 of 1st period - Stopped by Ondrej Pavelec with a rebound.
19:12 of 1st period - Snap shot by Jason Allison.
19:12 of 1st period - Shot Blocked by Sergei Gonchar.
19:14 of 1st period - Slapshot by Dave Tanabe.
19:14 of 1st period - Stopped by Ondrej Pavelec without a rebound.
19:15 of 1st period - Anze Kopitar wins face-off versus Mike Comrie in Kings zone.
19:23 of 1st period - Minor Penalty to Mike Comrie for Tripping.
19:24 of 1st period - Anze Kopitar wins face-off versus Andrew Ladd in Avalanche zone.
19:28 of 1st period - Wrist shot by Mikkel Boedker.
19:28 of 1st period - Stopped by Jimmy Howard with a rebound.
19:34 of 1st period - Slapshot by Anze Kopitar.
19:34 of 1st period - Shot Misses the Net.
19:36 of 1st period - Snap shot by Anze Kopitar.
19:36 of 1st period - Stopped by Jimmy Howard with a rebound.
19:38 of 1st period - Slapshot by Pernell Karl Subban.
19:38 of 1st period - Shot Misses the Net.
19:40 of 1st period - Snap shot by Brent Burns.
19:40 of 1st period - Deflect By Marc Staal.
19:40 of 1st period - Goal by Brent Burns - Kings : 3 - Avalanche : 2.
19:41 of 1st period - Anze Kopitar wins face-off versus Mike Comrie in neutral zone.
19:55 of 1st period - Icing by Brent Burns.
19:56 of 1st period - Anze Kopitar wins face-off versus Jason Allison in Kings zone.
Goals for this period are 3 for Kings vs 2 for Avalanche.
Shots for this period are 13 for Kings vs 14 for Avalanche.
2nd period
0:01 of 2nd period - Mike Comrie wins face-off versus Anze Kopitar in neutral zone.
0:03 of 2nd period - Marc Staal is hit by Pernell Karl Subban and loses puck.
0:14 of 2nd period - Mike Comrie is hit by Brent Burns and loses puck.
0:15 of 2nd period - Mike Comrie from Avalanche is injured at 0:15 of 2nd period (Bruised Left Foot).
0:16 of 2nd period - Dustin Byfuglien wins face-off versus Matt Duchene in Avalanche zone.
0:25 of 2nd period - Jonas Hoglund is hit by Shane O'Brien and loses puck.
0:30 of 2nd period - Slapshot by Max Pacioretty.
0:30 of 2nd period - Shot Misses the Net.
0:42 of 2nd period - Brent Burns is hit by Jason Allison and loses puck.
0:47 of 2nd period - Snap shot by Jason Allison.
0:47 of 2nd period - Stopped by Ondrej Pavelec without a rebound.
0:48 of 2nd period - Jason Allison wins face-off versus Anze Kopitar in Kings zone.
1:15 of 2nd period - Dustin Byfuglien is hit by Patrick Sharp and loses puck.
1:44 of 2nd period - Slapshot by Rene Bourque.
1:44 of 2nd period - Shot Blocked by Shane O'Brien.
2:07 of 2nd period - Icing by Corey Perry.
2:08 of 2nd period - Randy Robitaille wins face-off versus Jason Allison in Avalanche zone.
3:03 of 2nd period - Wrist shot by Chuck Kobasew.
3:03 of 2nd period - Shot Misses the Net.
3:55 of 2nd period - Snap shot by Corey Perry.
3:55 of 2nd period - Stopped by Ondrej Pavelec with a rebound.
3:57 of 2nd period - Snap shot by Jason Allison.
3:57 of 2nd period - Stopped by Ondrej Pavelec without a rebound.
3:58 of 2nd period - Randy Robitaille wins face-off versus Corey Perry in Kings zone.
3:58 of 2nd period - Randy Robitaille is hit by Jason Allison.
4:04 of 2nd period - Ryan Smyth is hit by Hnat Domenichelli and loses puck.
5:03 of 2nd period - Mikkel Boedker is hit by Jason Allison and loses puck.
5:58 of 2nd period - Snap shot by Michael Rupp.
5:58 of 2nd period - Goal by Michael Rupp - Kings : 3 - Avalanche : 3.
5:59 of 2nd period - Anze Kopitar wins face-off versus Dustin Byfuglien in neutral zone.
6:02 of 2nd period - Dustin Byfuglien is hit by Anze Kopitar.
6:24 of 2nd period - Pernell Karl Subban is hit by Bryan Little.
7:50 of 2nd period - Rostislav Olesz is hit by Patrick Sharp and loses puck.
8:18 of 2nd period - Jason Allison is hit by Rene Bourque and loses puck.
8:35 of 2nd period - Double Minor Penalty to Jason Allison for High sticking.
8:36 of 2nd period - Anze Kopitar wins face-off versus Andrew Ladd in Avalanche zone.
9:06 of 2nd period - Michael Rupp is hit by Rene Bourque and loses puck.
9:35 of 2nd period - Dave Tanabe is hit by Anze Kopitar and loses puck.
12:35 of 2nd period - Penalty to Jason Allison is over, Jason Allison is back on ice.
12:35 of 2nd period - Andrew Ladd is hit by Hnat Domenichelli and loses puck.
12:43 of 2nd period - Icing by Brian Campbell.
12:44 of 2nd period - Jason Allison wins face-off versus Randy Robitaille in Avalanche zone.
13:10 of 2nd period - Icing by Brent Seabrook.
13:11 of 2nd period - Anze Kopitar wins face-off versus Dustin Byfuglien in Kings zone.
13:18 of 2nd period - Wrist shot by Joe Pavelski.
13:18 of 2nd period - Shot Misses the Net.
13:20 of 2nd period - Snap shot by Anze Kopitar.
13:20 of 2nd period - Stopped by Jimmy Howard with a rebound.
13:40 of 2nd period - Off-side.
13:41 of 2nd period - Dustin Byfuglien wins face-off versus Matt Duchene in neutral zone.
14:19 of 2nd period - Wrist shot by Jason Allison.
14:19 of 2nd period - Stopped by Ondrej Pavelec with a rebound.
14:45 of 2nd period - Snap shot by Michael Rupp.
14:45 of 2nd period - Stopped by Ondrej Pavelec without a rebound.
14:46 of 2nd period - Matt Duchene wins face-off versus Dustin Byfuglien in Kings zone.
14:53 of 2nd period - Wrist shot by Matt Duchene.
14:53 of 2nd period - Deflect By Jonas Hoglund.
14:53 of 2nd period - Shot Misses the Net.
14:53 of 2nd period - Puck is out of play.
14:54 of 2nd period - Anze Kopitar wins face-off versus Dustin Byfuglien in Avalanche zone.
14:55 of 2nd period - Backhand shot by Joe Pavelski.
14:55 of 2nd period - Shot Hit the Post.
14:57 of 2nd period - Slapshot by John Moore.
14:57 of 2nd period - Stopped by Jimmy Howard without a rebound.
14:58 of 2nd period - Anze Kopitar wins face-off versus Dustin Byfuglien in Avalanche zone.
15:03 of 2nd period - Snap shot by Brenden Morrow.
15:03 of 2nd period - Stopped by Jimmy Howard without a rebound.
15:04 of 2nd period - Dustin Byfuglien wins face-off versus Anze Kopitar in Avalanche zone.
15:06 of 2nd period - Minor Penalty to Dustin Byfuglien for High sticking.
15:07 of 2nd period - Andrew Ladd wins face-off versus Anze Kopitar in Avalanche zone.
15:21 of 2nd period - Slapshot by Brent Burns.
15:21 of 2nd period - Stopped by Jimmy Howard with a rebound.
15:23 of 2nd period - Wrist shot by Joe Pavelski.
15:23 of 2nd period - Stopped by Jimmy Howard with a rebound.
17:06 of 2nd period - Penalty to Dustin Byfuglien is over, Dustin Byfuglien is back on ice.
17:25 of 2nd period - Snap shot by Hnat Domenichelli.
17:25 of 2nd period - Stopped by Jimmy Howard without a rebound.
17:26 of 2nd period - Randy Robitaille wins face-off versus Jason Allison in Avalanche zone.
17:30 of 2nd period - Minor Penalty to Shane O'Brien for Interference.
17:31 of 2nd period - Andrew Ladd wins face-off versus Anze Kopitar in Avalanche zone.
17:31 of 2nd period - Andrew Ladd is hit by Joe Pavelski.
18:01 of 2nd period - Wrist shot by Matt Duchene.
18:01 of 2nd period - Shot Misses the Net.
19:30 of 2nd period - Penalty to Shane O'Brien is over, Shane O'Brien is back on ice.
19:43 of 2nd period - Snap shot by Jonas Hoglund.
19:43 of 2nd period - Shot Misses the Net.
19:49 of 2nd period - Hnat Domenichelli is hit by Jack Johnson and loses puck.
19:58 of 2nd period - Wrist shot by Shane O'Brien.
19:58 of 2nd period - Stopped by Ondrej Pavelec with a rebound.
Goals for this period are 0 for Kings vs 1 for Avalanche.
Shots for this period are 6 for Kings vs 7 for Avalanche.
3rd period
0:01 of 3rd period - Dustin Byfuglien wins face-off versus Anze Kopitar in neutral zone.
0:42 of 3rd period - Minor Penalty to Patrick Sharp for Hooking.
0:43 of 3rd period - Randy Robitaille wins face-off versus Jason Allison in Kings zone.
0:50 of 3rd period - Randy Robitaille is hit by Ryan Smyth and loses puck.
0:55 of 3rd period - Slapshot by Dave Tanabe.
0:55 of 3rd period - Shot Misses the Net.
0:57 of 3rd period - Wrist shot by Dave Tanabe.
0:57 of 3rd period - Shot Misses the Net.
0:59 of 3rd period - Snap shot by Jason Allison.
0:59 of 3rd period - Shot Misses the Net.
1:12 of 3rd period - Icing by Bryan Little.
1:13 of 3rd period - Bryan Little wins face-off versus Randy Robitaille in Avalanche zone.
1:24 of 3rd period - Snap shot by Corey Perry.
1:24 of 3rd period - Goal by Corey Perry - Kings : 3 - Avalanche : 4.
1:25 of 3rd period - Anze Kopitar wins face-off versus Dustin Byfuglien in neutral zone.
1:57 of 3rd period - Snap shot by Ryan Smyth.
1:57 of 3rd period - Stopped by Ondrej Pavelec without a rebound.
1:58 of 3rd period - Dustin Byfuglien wins face-off versus Matt Duchene in Kings zone.
2:23 of 3rd period - Corey Perry is hit by Brent Seabrook and loses puck.
2:44 of 3rd period - John Moore is hit by Drew Doughty.
3:02 of 3rd period - Snap shot by Max Pacioretty.
3:02 of 3rd period - Shot Blocked by Brent Burns.
3:24 of 3rd period - Wrist shot by Joe Pavelski.
3:24 of 3rd period - Stopped by Jimmy Howard with a rebound.
4:04 of 3rd period - Snap shot by Corey Perry.
4:04 of 3rd period - Stopped by Ondrej Pavelec with a rebound.
4:06 of 3rd period - Snap shot by Corey Perry.
4:06 of 3rd period - Shot Misses the Net.
4:08 of 3rd period - Backhand shot by Dave Tanabe.
4:08 of 3rd period - Shot Misses the Net.
4:10 of 3rd period - Slapshot by Corey Perry.
4:10 of 3rd period - Shot Misses the Net.
4:12 of 3rd period - Snap shot by Dave Tanabe.
4:12 of 3rd period - Stopped by Ondrej Pavelec with a rebound.
4:14 of 3rd period - Wrist shot by Jason Allison.
4:14 of 3rd period - Shot Blocked by Joe Pavelski.
4:16 of 3rd period - Snap shot by Shane O'Brien.
4:16 of 3rd period - Stopped by Ondrej Pavelec with a rebound.
4:18 of 3rd period - Slapshot by Dave Tanabe.
4:18 of 3rd period - Shot Misses the Net.
4:20 of 3rd period - Snap shot by Shane O'Brien.
4:20 of 3rd period - Shot Blocked by Sergei Gonchar.
4:22 of 3rd period - Slapshot by Shane O'Brien.
4:22 of 3rd period - Shot Misses the Net.
4:24 of 3rd period - Slapshot by Shane O'Brien.
4:24 of 3rd period - Stopped by Ondrej Pavelec without a rebound.
4:25 of 3rd period - Matt Duchene wins face-off versus Dustin Byfuglien in Kings zone.
5:07 of 3rd period - Penalty Shot by Andrew Ladd for Avalanche.
5:07 of 3rd period - Deke by Andrew Ladd.
5:07 of 3rd period - Goal by Andrew Ladd - Kings : 3 - Avalanche : 5.
5:07 of 3rd period - Ray Emery enters game.
5:08 of 3rd period - Anze Kopitar wins face-off versus Jason Pominville in neutral zone.
5:09 of 3rd period - Anze Kopitar wins face-off versus Dustin Byfuglien in Avalanche zone.
5:12 of 3rd period - Snap shot by Anze Kopitar.
5:12 of 3rd period - Stopped by Jimmy Howard with a rebound.
5:14 of 3rd period - Snap shot by Brent Burns.
5:14 of 3rd period - Shot Misses the Net.
5:16 of 3rd period - Slapshot by Brent Burns.
5:16 of 3rd period - Deflect By Brenden Morrow.
5:16 of 3rd period - Shot Blocked by Marc Staal.
5:16 of 3rd period - Puck is out of play.
5:17 of 3rd period - Joe Pavelski wins face-off versus Dustin Byfuglien in Avalanche zone.
5:21 of 3rd period - Minor Penalty to Max Pacioretty for Tripping.
5:22 of 3rd period - Andrew Ladd wins face-off versus Anze Kopitar in Avalanche zone.
7:21 of 3rd period - Penalty to Max Pacioretty is over, Max Pacioretty is back on ice.
7:36 of 3rd period - Wrist shot by Jason Allison.
7:36 of 3rd period - Stopped by Ray Emery without a rebound.
7:37 of 3rd period - Dustin Byfuglien wins face-off versus Randy Robitaille in Kings zone.
7:44 of 3rd period - Snap shot by Max Pacioretty.
7:44 of 3rd period - Deflect By Randy Robitaille.
7:44 of 3rd period - Shot Blocked by Brent Seabrook.
7:44 of 3rd period - Puck is out of play.
7:45 of 3rd period - Jordan Nolan wins face-off versus Max Pacioretty in Kings zone.
7:49 of 3rd period - Icing by Mikkel Boedker.
7:50 of 3rd period - Rene Bourque wins face-off versus Dustin Byfuglien in Kings zone.
8:15 of 3rd period - Anze Kopitar is hit by Jason Allison.
8:25 of 3rd period - Backhand shot by Brenden Morrow.
8:25 of 3rd period - Stopped by Jimmy Howard with a rebound.
8:47 of 3rd period - Snap shot by Bryan Little.
8:47 of 3rd period - Stopped by Ray Emery without a rebound.
8:48 of 3rd period - Anze Kopitar wins face-off versus Dustin Byfuglien in Kings zone.
8:48 of 3rd period - Anze Kopitar is hit by Dustin Byfuglien.
8:58 of 3rd period - Wrist shot by Anze Kopitar.
8:58 of 3rd period - Shot Misses the Net.
8:59 of 3rd period - Minor Penalty to Jack Johnson for High sticking.
9:00 of 3rd period - Andrew Ladd wins face-off versus Anze Kopitar in Avalanche zone.
9:11 of 3rd period - Slapshot by Anze Kopitar.
9:11 of 3rd period - Shot Blocked by Marc Staal.
9:13 of 3rd period - Slapshot by Brent Burns.
9:13 of 3rd period - Deflect By Mikkel Boedker.
9:13 of 3rd period - Shot Misses the Net.
9:13 of 3rd period - Puck is out of play.
9:14 of 3rd period - Andrew Ladd wins face-off versus Mikkel Boedker in Avalanche zone.
9:25 of 3rd period - Wrist shot by Michael Rupp.
9:25 of 3rd period - Stopped by Ray Emery with a rebound.
10:25 of 3rd period - Chuck Kobasew is hit by Matt Duchene and loses puck.
10:59 of 3rd period - Penalty to Jack Johnson is over, Jack Johnson is back on ice.
11:33 of 3rd period - Off-side.
11:34 of 3rd period - Randy Robitaille wins face-off versus Jason Allison in neutral zone.
12:05 of 3rd period - Backhand shot by Bryan Little.
12:05 of 3rd period - Stopped by Ray Emery with a rebound.
12:25 of 3rd period - Wrist shot by Brian Campbell.
12:25 of 3rd period - Shot Misses the Net.
12:27 of 3rd period - Snap shot by Michael Rupp.
12:27 of 3rd period - Stopped by Ray Emery with a rebound.
12:44 of 3rd period - Brent Seabrook is hit by Andrew Ladd and loses puck.
14:26 of 3rd period - Snap shot by Rostislav Olesz.
14:26 of 3rd period - Stopped by Ray Emery with a rebound.
14:28 of 3rd period - Snap shot by Dave Tanabe.
14:28 of 3rd period - Shot Blocked by John Moore.
14:30 of 3rd period - Slapshot by Dave Tanabe.
14:30 of 3rd period - Stopped by Ray Emery without a rebound.
14:31 of 3rd period - Matt Duchene wins face-off versus Rostislav Olesz in Kings zone.
15:19 of 3rd period - Patrick Sharp is hit by Shane O'Brien and loses puck.
15:57 of 3rd period - Shane O'Brien is hit by Brian Pothier and loses puck.
16:40 of 3rd period - Jason Pominville is hit by Mikkel Boedker and loses puck.
16:55 of 3rd period - Snap shot by Brenden Morrow.
16:55 of 3rd period - Stopped by Jimmy Howard with a rebound.
16:57 of 3rd period - Wrist shot by Joe Pavelski.
16:57 of 3rd period - Deflect By Brenden Morrow.
16:57 of 3rd period - Kings goal is going for a video replay.
16:57 of 3rd period - The goal is refused. The puck has been directed, batted or thrown into the net by an attacking player other than with a stick..
16:58 of 3rd period - Jason Allison wins face-off versus Anze Kopitar in Avalanche zone.
17:03 of 3rd period - Snap shot by Joe Pavelski.
17:03 of 3rd period - Shot Misses the Net.
17:05 of 3rd period - Wrist shot by Joe Pavelski.
17:05 of 3rd period - Shot Hit the Post.
17:07 of 3rd period - Slapshot by John Moore.
17:07 of 3rd period - Stopped by Jimmy Howard with a rebound.
17:09 of 3rd period - Snap shot by Brenden Morrow.
17:09 of 3rd period - Shot Misses the Net.
17:11 of 3rd period - Slapshot by John Moore.
17:11 of 3rd period - Deflect By Anze Kopitar.
17:11 of 3rd period - Stopped by Jimmy Howard with a rebound.
17:25 of 3rd period - Snap shot by Michael Rupp.
17:25 of 3rd period - Stopped by Ray Emery with a rebound.
17:41 of 3rd period - Dave Tanabe is hit by Matt Duchene.
17:47 of 3rd period - Brent Seabrook is hit by Shane O'Brien.
17:51 of 3rd period - Snap shot by Patrick Sharp.
17:51 of 3rd period - Shot Misses the Net.
18:09 of 3rd period - Snap shot by Jason Pominville.
18:09 of 3rd period - Stopped by Ray Emery with a rebound.
18:49 of 3rd period - Off-side.
18:50 of 3rd period - Jordan Nolan wins face-off versus Dustin Byfuglien in neutral zone.
18:53 of 3rd period - Dustin Byfuglien is hit by John Moore and loses puck.
18:58 of 3rd period - Wrist shot by Rene Bourque.
18:58 of 3rd period - Shot Misses the Net.
19:00 of 3rd period - Snap shot by Brent Seabrook.
19:00 of 3rd period - Stopped by Jimmy Howard without a rebound.
19:01 of 3rd period - Dustin Byfuglien wins face-off versus Jordan Nolan in Avalanche zone.
Goals for this period are 0 for Kings vs 2 for Avalanche.
Shots for this period are 8 for Kings vs 15 for Avalanche.
Output by the SimonT Hockey Simulator (STHS) for François Prévost -- Original Page W3C XHTML 1.0 Valid